Map: Романтицид РВ

Players

MoLineRo - Winner!

  • Race: Zerg Zerg
  • League: Diamond

Kantara

  • Race: Protoss Protoss
  • League: Diamond

VOD

Have the link to the VOD?

Description

Time

  • Played on: June 29, 2021, 3:04 p.m.
  • Length: 21:42
Show
View Real Time Build Order
Export as new Build Order

MoLineRo Zerg - Winner!

Build Orders: Hatch First, Roach Nydus 

Get SALT Encoding   

  12  0:00  Drone  
  13  0:12  Overlord  
  13  0:16  Drone  
  14  0:30  Drone x2  
  16  0:47  Hatchery  
  15  0:51  Drone  
  15  0:55  Drone  
  17  0:59  Drone  
  18  1:12  Spawning Pool  
  18  1:13  Extractor  
  16  1:22  Drone  
  16  1:23  Drone  
  18  1:29  Drone  
  19  1:40  Overlord  
  19  1:58  Queen, Zergling x2  
  19  2:00  Queen  
  25  2:01  Drone x2  
  26  2:10  Drone  
  26  2:11  Drone  
  28  2:22  Drone x2  
  30  2:25  Metabolic Boost  
  30  2:32  Drone x2  
  33  2:44  Drone x2  
  33  2:48  Queen  
  36  2:57  Overlord  
  35  3:03  Roach Warren, Drone  
  35  3:13  Overlord  
  35  3:15  Drone  
  35  3:16  Drone x4  
  40  3:20  Hatchery  
  39  3:29  Lair  
  39  3:36  Drone x3  
  42  3:41  Queen  
  42  3:42  Extractor  
  44  3:48  Drone x3  
  46  4:06  Zergling x4  
  46  4:07  Overlord  
  46  4:08  Overlord  
  48  4:29  Nydus Network  
  47  4:39  Glial Reconstitution, Roach  
  47  4:41  Roach x4  
  47  4:43  Extractor  
  47  4:44  Drone  
  47  4:45  Drone x2  
  59  4:57  Queen x3  
  65  5:00  Overlord  
  65  5:01  Overlord x3  
  65  5:14  Nydus Canal  
  65  5:19  Overlord x2  
  65  5:21  Roach x5  
  73  5:24  Extractor  
  73  5:26  Overlord  
  74  5:43  Zergling x10  
  74  5:44  Zergling x2  
  80  5:50  Drone x3, Spire  
  66  6:16  Drone x4  
  68  6:19  Spore Crawler  
  68  6:20  Spore Crawler  
  68  6:23  Spore Crawler x2, Queen  
  68  6:24  Queen  
  68  6:30  Drone x2  
  68  6:32  Zergling x8  
  74  6:42  Overlord  
  74  6:59  Drone x3, Hydralisk Den  
  75  7:03  Evolution Chamber  
  75  7:04  Nydus Canal  
  75  7:05  Evolution Chamber  
  73  7:15  Corruptor x3  
  73  7:16  Corruptor x3  
  73  7:19  Drone  
  86  7:23  Pneumatized Carapace  
  86  7:38  Corruptor x2  
  86  7:39  Corruptor  
  85  8:04  Zergling x4  
  85  8:05  Zergling x2  
  88  8:08  Overlord x3  
  88  8:09  Corruptor x3  
  80  8:29  Drone  
  80  8:32  Hatchery  
  80  8:40  Drone  
  80  8:41  Drone x2  
  83  8:58  Drone  
  83  8:59  Drone x2  
  86  9:07  Zerg Missile Weapons Level 1, Zerg Ground Armor Level 1  
  86  9:10  Grooved Spines  
  86  9:13  Drone x6  
  92  9:28  Hydralisk  
  92  9:29  Hydralisk x5  
  104  9:39  Extractor  
  104  9:40  Extractor  
  104  9:45  Overlord  
  102  9:47  Drone  
  102  9:48  Drone x2  
  102  9:52  Zerg Flyer Weapons Level 1  
  105  9:59  Drone x3  
  107  10:05  Drone x2  
  107  10:06  Drone  
  111  10:07  Drone x2  
  112  10:19  Hydralisk  
  112  10:20  Hydralisk x7  
  128  10:22  Muscular Augments  
  128  10:39  Overseer  
  128  10:40  Overseer x2  
  128  10:41  Hydralisk x5  
  128  10:42  Hydralisk x2  
  142  10:58  Drone  
  143  11:06  Hatchery  
  142  11:21  Zergling x8  
  134  11:34  Zergling x2  
  134  11:35  Roach x5  
  134  11:36  Roach x4  
  129  11:42  Corruptor  
  113  11:55  Corruptor x6  
  113  12:00  Corruptor  
  125  12:09  Zerg Ground Armor Level 2, Zerg Missile Weapons Level 2  
  125  12:26  Overlord x2  
  125  12:33  Spore Crawler, Extractor  
  125  12:34  Extractor  
  125  12:35  Infestation Pit  
  125  12:36  Zerg Flyer Armor Level 1  
  121  12:40  Drone x2  
  121  12:41  Drone x2  
  121  12:42  Drone x3  
  121  12:43  Drone x2  
  130  12:44  Drone  
  131  12:56  Hatchery  
  131  12:57  Unknown  
  129  12:59  Drone x3  
  132  13:06  Overlord x2  
  132  13:16  Hive  
  132  13:17  Overlord x3  
  132  13:26  Pathogen Glands  
  132  13:28  Infestor x3  
  132  13:29  Infestor x2  
  132  13:31  Burrow  
  132  13:33  Overlord x2  
  142  13:48  Spore Crawler  
  141  14:15  Overlord x2  
  141  14:17  Overseer  
  141  14:18  Overseer x2  
  141  14:20  Hatchery  
  141  14:23  Neural Parasite  
  140  14:24  Corruptor x3  
  140  14:25  Corruptor x2, Infestor  
  140  14:26  Infestor x2  
  140  14:29  Roach x6  
  168  14:33  Corruptor x3  
  174  14:41  Zerg Missile Weapons Level 3  
  174  14:43  Zergling x6  
  177  15:03  Extractor  
  177  15:05  Extractor, Zerg Ground Armor Level 3, Spire  
  167  15:38  Extractor, Spine Crawler  
  167  15:42  Spine Crawler  
  164  15:44  Spine Crawler  
  164  15:46  Spine Crawler  
  164  15:47  Spore Crawler  
  161  15:52  Infestor x3  
  161  15:56  Corruptor  
  167  15:57  Corruptor x5  
  179  16:13  Drone x3  
  179  16:14  Spine Crawler  
  179  16:15  Spore Crawler  
  180  16:28  Infestor x11  
  180  16:33  Zerg Flyer Armor Level 2, Zerg Flyer Weapons Level 2  
  180  16:38  Drone x2  
  180  16:39  Drone x2  
  185  16:40  Drone x2  
  185  16:42  Drone  
  185  16:43  Drone x2  
  189  16:50  Spine Crawler  
  189  16:51  Spore Crawler  
  187  17:07  Corruptor  
  187  17:08  Corruptor x2  
  189  17:10  Corruptor x3  
  196  17:38  Roach  
  196  17:39  Roach  
  196  17:40  Infestor x3  
  198  17:46  Infestor x2  
  198  17:47  Infestor x4  
  198  17:48  Infestor x2  
  198  17:52  Overlord  
  171  18:34  Roach x4  
  175  18:42  Roach  
  175  18:43  Roach x4  
  183  18:53  Roach x3  
  181  18:59  Corruptor x4  
  187  19:09  Roach x2  
  193  19:10  Roach x4  
  193  19:15  Zergling x6  
  166  19:33  Drone x3  
  163  19:40  Overseer x4  
  158  19:50  Roach x3  
  164  20:01  Corruptor x2  
  164  20:02  Corruptor x3  
  174  20:15  Corruptor x3  
  165  20:34  Roach x4  
  159  20:41  Roach x2  
  159  20:42  Roach  
  157  20:50  Roach  
  157  20:51  Roach x6  
  171  21:12  Drone x2  
  171  21:14  Hatchery  
  171  21:15  Spine Crawler  
Show
View Real Time Build Order
Export as new Build Order

Kantara Protoss 

Build Orders: 1 Gate Expand, Carriers 

Get SALT Encoding   

  12  0:00  Probe  
  13  0:12  Probe  
  14  0:20  Pylon  
  14  0:25  Probe (Chrono Boost)  
  15  0:39  Probe (Chrono Boost)  
  15  0:42  Gateway  
  16  0:46  Probe (Chrono Boost)  
  17  0:50  Assimilator  
  17  0:54  Probe  
  18  1:07  Probe  
  19  1:19  Probe  
  20  1:28  Nexus  
  20  1:38  Cybernetics Core  
  20  1:41  Probe  
  20  1:45  Assimilator  
  21  1:53  Probe  
  22  1:57  Pylon  
  22  2:05  Probe  
  23  2:17  Probe (Chrono Boost), Stalker  
  26  2:29  Probe (Chrono Boost)  
  27  2:36  Shield Battery  
  27  2:37  Probe (Chrono Boost)  
  28  2:39  Stargate  
  28  2:44  Forge  
  28  2:49  Sentry  
  30  2:59  Assimilator, Probe (Chrono Boost)  
  30  3:02  Warp Gate  
  30  3:04  Probe (Chrono Boost)  
  32  3:08  Assimilator  
  32  3:11  Probe (Chrono Boost)  
  32  3:12  Probe (Chrono Boost)  
  34  3:18  Void Ray  
  34  3:26  Probe (Chrono Boost)  
  40  3:28  Probe (Chrono Boost)  
  40  3:36  Pylon  
  40  3:38  Probe (Chrono Boost)  
  40  3:40  Probe (Chrono Boost)  
  41  3:48  Probe  
  43  3:52  Probe  
  43  3:55  Pylon  
  44  4:09  Stargate  
  44  4:13  Fleet Beacon  
  44  4:14  Probe (Chrono Boost)  
  46  4:19  Probe (Chrono Boost)  
  46  4:28  Probe x2 (Chrono Boost)  
  48  4:38  Probe, Nexus  
  48  4:40  Photon Cannon  
  49  4:49  Protoss Air Weapons Level 1 (Chrono Boost)  
  49  4:50  Pylon, Probe  
  50  4:58  Tempest (Chrono Boost)  
  55  5:07  Tempest (Chrono Boost)  
  55  5:10  Probe  
  62  5:14  Probe (Chrono Boost)  
  62  5:16  Pylon  
  62  5:24  Probe (Chrono Boost)  
  63  5:34  Probe (Chrono Boost)  
  69  5:47  Tempest (Chrono Boost)  
  66  6:07  Tempest  
  69  6:22  Pylon  
  69  6:23  Pylon  
  69  6:25  Pylon  
  69  6:34  Void Ray  
  69  6:36  Pylon  
  69  6:37  Protoss Ground Weapons Level 1  
  69  6:38  Pylon  
  69  6:42  Pylon  
  69  6:43  Photon Cannon  
  69  6:44  Void Ray  
  69  6:46  Photon Cannon  
  73  6:47  Photon Cannon  
  77  6:58  Nexus  
  77  7:00  Unknown  
  77  7:02  Pylon  
  77  7:07  Probe x2  
  79  7:18  Mothership (Chrono Boost)  
  79  7:19  Probe  
  79  7:20  Twilight Council  
  79  7:21  Protoss Air Weapons Level 2 (Chrono Boost)  
  88  7:38  Tempest  
  93  7:45  Sentry  
  89  8:19  Void Ray  
  89  8:20  Void Ray  
  89  8:24  Probe (Chrono Boost)  
  89  8:25  Probe (Chrono Boost)  
  101  8:36  Templar Archives  
  101  8:37  Probe (Chrono Boost)  
  101  8:38  Probe (Chrono Boost)  
  101  8:43  Gateway  
  101  8:44  Gateway  
  101  8:45  Gateway  
  103  8:50  Gateway  
  103  8:51  Probe (Chrono Boost)  
  103  8:52  Pylon  
  103  8:53  Nexus  
  103  8:55  Pylon  
  102  8:56  Void Ray  
  102  8:58  Probe (Chrono Boost), Photon Cannon  
  102  8:59  Photon Cannon  
  107  9:20  Robotics Facility  
  107  9:24  Pylon, Photon Cannon  
  107  9:26  Photon Cannon  
  107  9:35  Probe x2  
  109  9:40  Void Ray  
  109  9:44  Protoss Air Weapons Level 3 (Chrono Boost)  
  109  9:47  Psionic Storm, Probe  
  114  9:53  Pylon  
  114  10:04  Assimilator  
  114  10:05  Assimilator  
  114  10:08  Observer (Chrono Boost)  
  114  10:09  Charge (Chrono Boost)  
  115  10:16  Probe x3  
  118  10:50  High Templar x4  
  118  10:54  Archon x2  
  126  10:59  Probe x3  
  126  11:01  Protoss Ground Weapons Level 2 (Chrono Boost)  
  129  11:11  Probe x3  
  132  11:18  Shield Battery  
  132  11:23  Probe, Nexus  
  132  11:26  Pylon  
  132  11:29  Zealot x5  
  117  11:45  Mothership (Chrono Boost)  
  96  11:56  Zealot x5  
  106  12:03  Carrier (Chrono Boost)  
  106  12:04  Carrier (Chrono Boost)  
  106  12:05  Probe x2 (Chrono Boost)  
  122  12:16  Probe x2 (Chrono Boost)  
  122  12:22  Assimilator  
  122  12:27  Photon Cannon  
  122  12:28  Photon Cannon  
  124  12:30  Photon Cannon  
  124  12:31  Probe x2 (Chrono Boost)  
  124  12:38  Protoss Air Armor Level 1  
  124  12:39  Probe x2 (Chrono Boost)  
  124  12:41  High Templar x2  
  132  12:53  High Templar  
  132  12:56  High Templar, Probe x2 (Chrono Boost)  
  136  13:03  Assimilator, Probe x2 (Chrono Boost)  
  138  13:07  Assimilator  
  138  13:10  Photon Cannon  
  138  13:12  Photon Cannon  
  138  13:15  Photon Cannon  
  138  13:17  Shield Battery  
  138  13:20  Pylon  
  138  13:23  High Templar x2  
  142  13:27  Archon  
  142  13:29  Probe x2  
  142  13:30  Probe  
  145  13:40  Carrier x2 (Chrono Boost)  
  145  13:48  Probe x3  
  160  13:53  Pylon  
  160  13:54  Photon Cannon  
  160  13:56  Photon Cannon  
  160  13:57  Shield Battery  
  160  14:00  Probe x2  
  162  14:14  Photon Cannon  
  162  14:16  Photon Cannon  
  162  14:27  Stargate  
  162  14:28  Stargate, Void Ray x2 (Chrono Boost)  
  162  14:37  Zealot x5  
  180  14:39  Protoss Ground Weapons Level 3  
  180  14:53  Gateway  
  180  14:58  Gateway  
  180  15:00  Protoss Air Armor Level 2 (Chrono Boost), Gateway  
  180  15:01  Gateway  
  180  15:08  Void Ray (Chrono Boost)  
  180  15:13  Nexus  
  164  15:37  Assimilator  
  164  15:41  Assimilator  
  164  15:43  Carrier x2 (Chrono Boost)  
  164  15:44  Pylon, Dark Shrine  
  164  15:46  Pylon  
  164  15:49  Pylon  
  176  15:53  Carrier (Chrono Boost)  
  182  15:59  High Templar x2  
  186  16:08  Archon  
  186  16:21  Photon Cannon  
  186  16:22  Photon Cannon  
  186  16:24  Photon Cannon  
  186  16:25  Photon Cannon  
  186  16:28  Photon Cannon  
  186  16:30  Shield Battery  
  186  16:51  Pylon  
  186  16:54  Shadow Stride (Chrono Boost)  
  186  17:02  Dark Templar x3  
  186  17:03  Dark Templar x4  
  200  17:28  Protoss Shields Level 1, Protoss Air Armor Level 3 (Chrono Boost)  
  186  17:57  Nexus  
  186  17:58  Pylon  
  186  18:02  Pylon  
  186  18:03  Unknown  
  113  18:32  Zealot x5, Void Ray x3 (Chrono Boost)  
  113  18:33  Void Ray (Chrono Boost), Zealot x4  
  110  18:55  Dark Templar x5  
  112  18:56  Dark Templar x4  
  124  19:03  Void Ray (Chrono Boost)  
  116  19:11  Void Ray x3 (Chrono Boost)  
  124  19:27  Observer  
  115  19:37  Void Ray (Chrono Boost)  
  115  19:44  Assimilator  
  109  19:48  Observer  
  114  19:53  High Templar  
  114  19:54  Void Ray (Chrono Boost)  
  114  20:00  High Templar  
  114  20:03  Zealot x6  
  114  20:04  Zealot  
  123  20:10  Observer  
  126  20:14  Void Ray (Chrono Boost)  
  106  20:32  Dark Templar x3  
  70  20:50  Archon  
  70  20:56  Void Ray (Chrono Boost)  
  78  21:09  Void Ray (Chrono Boost)  
  70  21:28  High Templar  
Tags
 
Add a new tag
Caveats
  • Supply blocks, unpowered buildings, or Contaminate may cause inaccurate times.
  • Supply counts are checked every 10 seconds.